 Dungeon Crawl Stone Soup version 0.30-a0-241-g1121274140 (webtiles) character file.

Game seed: 1739946912775425474

66418 Ge0ff the Destroyer (level 14, -2/117 (122) HPs)
             Began as a White Draconian Reaver on Oct 10, 2022.
             Was a High Priest of Ashenzari.
             Killed from afar by an orc sorcerer (27 damage)
             ... with a bolt of negative energy
             ... on level 2 of the Orcish Mines.
             The game lasted 01:14:29 (25925 turns).

Ge0ff the Destroyer (White Draconian Reaver)       Turns: 25925, Time: 01:14:29

HP:   -2/117 (122)  AC: 18    Str: 17    XL:     14   Next: 79%
MP:   30/30         EV: 15    Int: 23    God:    Ashenzari [*****.]
Gold: 3766          SH: 13    Dex: 24    Spells: 24/37 levels left

rFire   . . .      SeeInvis +    a - +7 long sword of Ashenzari's Burden {elec, Str+2 Dex+7, Alch, Comp} (curse)
rCold   + . .      Faith    .    c - +2 buckler
rNeg    . . .      Spirit   .    (body armour unavailable)
rPois   .          Reflect  +    k - +2 hat of the Cursed Sun {Range, Bglg} (curse)
rElec   .          Harm     .    l - +0 cloak of the Distant Lethargy {Alch, Self} (curse)
rCorr   .          Rampage  .    Q - +3 pair of gauntlets of War {Slay+5, Self, Evo} (curse)
Will    +....      Clarity  +    G - +2 pair of boots "Clairvoyant Negation" {Alch, Elem} (curse)
Stlth   ++........               F - amulet "Stellar Sorrow" {Reflect SH+5, Fort, Self} (curse)
HPRegen 0.39/turn                D - ring of the Stellar Gnosis {Int+6, Alch, Fort} (curse)
MPRegen 0.22/turn                K - ring "Ruined Together" {Dex+6, Melee, Alch} (curse)

@: about to teleport, very slightly contaminated, hasted, lightly drained, very
quick
A: breathe frost, AC +8, unfitting armour, cold resistance 1, cold-blooded
a: Breathe Frost, Renounce Religion, Shatter the Chains


You were on level 2 of the Orcish Mines.
You worshipped Ashenzari.
Ashenzari was extremely pleased with you.
You visited 3 branches of the dungeon, and saw 18 of its levels.
You also visited: Ice Cave.

You collected 3918 gold pieces.
You spent 152 gold pieces at shops.

Inventory:

Hand Weapons
 a - the cursed +7 long sword of Ashenzari's Burden (weapon) {elec, Str+2 Dex+7, Alch, Comp}
   (You found it on level 1 of the Lair of Beasts)

   It occasionally discharges a powerful burst of electricity upon striking a
   foe.
   Str:       It affects your strength (+2).
   Dex:       It affects your dexterity (+7).
   It has a curse which improves the following skills: Alchemy: Poison Magic and
   Transmutations.
   Companions: Summonings and Necromancy.
 t - the +8 short sword "Eze Tyih" {speed, rC+}
   (You took it off a kobold on level 10 of the Dungeon)

   Attacks with this weapon are significantly faster.
   rC:        It protects you from cold.
Missiles
 e - 89 stones
 g - 7 boomerangs (quivered)
 i - 30 poisoned darts
 v - 6 silver javelins
 A - 6 atropa-tipped darts
Armour
 c - a +2 buckler (worn)
 k - the cursed +2 hat of the Cursed Sun (worn) {Range, Bglg}
   (You took it off Gastronok on level 3 of the Lair of Beasts)

   It has a curse which improves the following skills: Ranged Combat: Ranged
   Weapons and Throwing.
   Beguiling: Conjurations, Hexes and Translocations.
 l - the cursed +0 cloak of the Distant Lethargy (worn) {Alch, Self}
   (You took it off Crazy Yiuf on level 2 of the Dungeon)

   It has a curse which improves the following skills: Alchemy: Poison Magic and
   Transmutations.
   Introspection: Fighting and Spellcasting.
 G - the cursed +2 pair of boots "Clairvoyant Negation" (worn) {Alch, Elem}
   (You found it on level 7 of the Dungeon)

   It has a curse which improves the following skills: Alchemy: Poison Magic and
   Transmutations.
   Elements:  Fire Magic, Ice Magic, Air Magic and Earth Magic.
 Q - the cursed +3 pair of gauntlets of War (worn) {Slay+5, Self, Evo}
   (You found it in an ice cave)

   Slay:      It affects your accuracy & damage with ranged weapons and melee
   (+5).
   It has a curse which improves the following skills: Introspection: Fighting
   and Spellcasting.
   Evocations: Evocations.
Magical Staves
 j - a staff of air
 C - a staff of cold
 E - a staff of death
Jewellery
 h - a ring of resist corrosion
 w - a ring of flight
 x - a +4 ring of protection
 D - the cursed ring of the Stellar Gnosis (left hand) {Int+6, Alch, Fort}
   (You found it on level 9 of the Dungeon)

   [ring of intelligence]

   Int:       It affects your intelligence (+6).
   It has a curse which improves the following skills: Alchemy: Poison Magic and
   Transmutations.
   Fortitude: Shields.
 F - the cursed amulet "Stellar Sorrow" (around neck) {Reflect SH+5, Fort, Self}
   (You took it off a kobold on level 3 of the Dungeon)

   [amulet of reflection]

   It reflects blocked missile attacks.
   SH:        It affects your SH (+5).
   It has a curse which improves the following skills: Fortitude: Shields.
   Introspection: Fighting and Spellcasting.
 J - a ring of protection from fire
 K - the cursed ring "Ruined Together" (right hand) {Dex+6, Melee, Alch}
   (You found it on level 5 of the Dungeon)

   [ring of dexterity]

   Dex:       It affects your dexterity (+6).
   It has a curse which improves the following skills: Melee Combat: Short
   Blades, Long Blades, Axes, Maces & Flails, Polearms, Staves and Unarmed
   Combat.
   Alchemy:   Poison Magic and Transmutations.
 M - the ring "Quucheamo" {*Corrode rN+ Will+ Dex+2 Slay+2}
   (You acquired it in an ice cave)

   [ring of positive energy]

   Dex:       It affects your dexterity (+2).
   Slay:      It affects your accuracy & damage with ranged weapons and melee
   (+2).
   rN:        It protects you from negative energy.
   *Corrode:  It may corrode you when you take damage.
   Will:      It increases your willpower.
 N - the ring of Godwos {rPois Str+3 SInv}
   (You found it on level 4 of the Lair of Beasts)

   [ring of see invisible]

   Str:       It affects your strength (+3).
   rPois:     It protects you from poison.
   SInv:      It lets you see invisible.
Wands
 d - a wand of digging (7)
 p - a wand of paralysis (11)
 r - a wand of roots (10)
 s - a wand of mindburst (9)
 P - a wand of polymorph (3)
Scrolls
 f - a scroll of amnesia
 m - a scroll of magic mapping
 B - 2 scrolls of blinking
 S - 3 scrolls of summoning
 T - 5 scrolls of teleportation
 U - 2 scrolls of enchant armour
 V - 3 scrolls of vulnerability
 Y - 2 scrolls of enchant weapon
Potions
 q - 4 potions of curing
 u - 2 potions of mutation {!q}
 z - 2 potions of brilliance
 H - a potion of haste {!q}
 I - a potion of invisibility
 L - a potion of lignification
 R - 2 potions of resistance
 X - 6 potions of flight
 Z - 3 potions of berserk rage {!q}
Miscellaneous
 n - a phial of floods (inert)
 O - a box of beasts


   Skills:
 - Level 6.0(10.4) Fighting
 + Level 11.5(13.7) Long Blades
 - Level 4.9(7.1) Throwing
 - Level 5.0 Dodging
 - Level 2.3(5.0) Shields
 - Level 7.5(12.0) Spellcasting
 + Level 12.1(14.3) Conjurations
 - Level 9.7(12.0) Necromancy
 - Level 3.0(5.0) Translocations
 - Level 10.3(16.6) Transmutations
 + Level 11.1(13.3) Ice Magic
 - Level 5.0(7.2) Evocations


You had 24 spell levels left.
You knew the following spells:

 Your Spells              Type           Power      Damage    Failure   Level
c - Blink                 Tloc           72%        N/A       1%          2
s - Simulacrum            Ice/Necr       32%        N/A       4%          6
E - Irradiate             Conj/Tmut      35%        3d23      1%          5

Your spell library contained the following spells:

 Spells                   Type           Power      Damage    Failure   Level
 Kiss of Death            Conj/Necr      100%       2d13      1%          1
 Shock                    Conj/Air       100%       1d9       1%          1
 Momentum Strike          Conj/Tloc      100%       3d10      1%          2
 Sublimation of Blood     Necr           62%        N/A       1%          2
 Hailstorm                Conj/Ice       67%        3d14      1%          3
 Ozocubu's Armour         Ice            66%        N/A       1%          3
 Petrify                  Tmut/Erth      52%        N/A       1%          4
 Lesser Beckoning         Tloc           72%        N/A       2%          3
 Yara's Violent Unravell  Hex/Tmut       26%        3d11      4%          5
 Summon Small Mammal      Summ           60%        N/A       5%          1
 Passage of Golubria      Tloc           36%        N/A       8%          4
 Metabolic Englaciation   Hex/Ice        22%        N/A       10%         5
 Orb of Destruction       Conj           34%        9d10      14%         7
 Call Canine Familiar     Summ           15%        N/A       16%         3
 Summon Guardian Golem    Hex/Summ       15%        N/A       16%         3
 Swiftness                Air            15%        N/A       16%         3
 Tukima's Dance           Hex            15%        N/A       16%         3
 Airstrike                Air            7%         2d(2-18)  45%         4
 Spellforged Servitor     Conj/Summ      23%        N/A       94%         7


Dungeon Overview and Level Annotations

Branches:
Dungeon (11/15) Zot: 25501  Temple (0/1) D:6            Lair (5/5) D:8 Zot: 22633
 Shoals (0/4) Lair:3       Spider (0/4) Lair:3        Slime (0/5) Lair:5
    Orc (2/2) D:10 Zot: 11392   IceCv (visited)
    Elf: Orc:2

Altars:
Ashenzari
Cheibriados
Dithmenos
Elyvilon
Gozag
Kikubaaqudgha
Nemelex Xobeh
Okawaru
Qazlal
Sif Muna
Trog
Yredelemnul
Zin
Jiyva

Shops:
D:4 *   D:6 [   D:10 **

Annotations:
D:1 27 ice
Orc:2 Saint Roka


Innate Abilities, Weirdness & Mutations

You can breathe waves of freezing cold which knock back foes.
Your icy white scales are hard. (AC +8)
You cannot fit into any form of body armour.
Your flesh is cold resistant. (rC+)
You are cold-blooded and may be slowed by cold attacks.


Message History

You reflect the bolt off an invisible shield around you!
The bolt hits the orc warrior!
You are confused.
You feel invigorated.
Saint Roka roars a battlecry!
The orc warrior goes into a battle-frenzy!
The orc hits you from afar with a +0 trident.
* * * LOW HITPOINT WARNING * * *
The orc warrior shoots a bolt.
The bolt hits you but does no damage. The orc hits you but does no damage.
The orc wizard mumbles some strange words.
The orc wizard flickers and vanishes for a moment.
Saint Roka mumbles some strange prayers to Beogh against you.
Beogh smites you!
* * * LOW HITPOINT WARNING * * *
The orc wizard casts a spell at you. You resist with almost no effort.
The orc hits you from afar with a +0 trident.
* * * LOW HITPOINT WARNING * * *
You feel less invigorated.
You feel less confused.
You feel better.
You closely miss the orc wizard.
You feel less wooden.
The cursed +0 cloak of the Distant Lethargy {Alch, Self} unmelds from your body.
The cursed +2 hat of the Cursed Sun {Range, Bglg} unmelds from your body.
The cursed +3 pair of gauntlets of War {Slay+5, Self, Evo} unmelds from your body.
The cursed +2 pair of boots "Clairvoyant Negation" {Alch, Elem} unmelds from your body.
The orc wizard completely misses you.
An orc knight comes into view. It is wielding a +1 great mace.
As you read the scroll of teleportation, it crumbles to dust.
You feel strangely unstable.
You completely miss the orc wizard. You tail-slap the orc wizard!
The orc wizard is heavily wounded.
Saint Roka roars a battlecry!
You block the orc wizard's attack.
You hit the orc wizard.
The orc wizard is severely wounded.
You feel better.
Saint Roka invokes the aid of Beogh against you.
Beogh smites you!
* * * LOW HITPOINT WARNING * * *
You block the orc wizard's attack.
The orc sorcerer points at you and mumbles some strange words.
The bolt of negative energy hits the orc wizard!!
The orc wizard is drained!
The orc wizard dies!
The bolt of negative energy hits you!!
You feel drained.
You die...

o.o.#. ,,
.o...#.........
..$....o.......
..............##
..........)....#
..)....o.))....#
......@o.))..o.#
..o........))oo###
...$...{#..)ooo)@#
.........)o))o####
..........)#<## ,,
..##.).)).# , ,
#.))...##
,.c.......
,.##...)... , ,,
#........ *
*##.##.#.#*


You could see Saint Roka, an orc knight (strong), an orc sorcerer (strong), 2
orc warriors, an orc wizard (strong, invisible) and 2 orcs.

Vanquished Creatures
  Rupert (Orc:2)
  Gastronok (Lair:3)
  Donald (Orc:2)
  The ghost of gruber the Thaumaturge, a journeyman GnIE of Vehumet (Lair:4)
  A reaper (IceCv)
  Nessos (Orc:2)
  7 hydras
  A catoblepas (Lair:4)
  4 two-headed ogres
  3 boulder beetles
  A centaur warrior (D:11)
  Amaemon (D:9)
  An orc knight (Orc:2)
  A manticore (Lair:3)
  2 moths of wrath (Lair:4)
  9 elephants
  The ghost of Mesmaeker13 the Frost Mage, a novice OpIE of Ashenzari (D:7)
  6 black mambas
  An ice statue (IceCv)
  An orange demon (D:8)
  9 cane toads
  3 rime drakes
  3 kobold demonologists (D:10)
  6 komodo dragons
  An anaconda simulacrum (IceCv)
  A freezing wraith (IceCv)
  An ice devil (IceCv)
  3 polar bears
  6 hornets
  3 trolls
  A wind drake (Lair:3)
  6 dream sheep (Lair:4)
  16 blink frogs
  4 culicivoras (Lair:3)
  A shadow (D:11)
  3 jumping spiders (Lair:3)
  17 spriggans
  4 wyverns
  6 basilisks
  55 yaks
  A redback (Lair:3)
  2 vampire mosquitoes (D:11)
  Menkaure (D:4)
  2 steam dragons
  A death yak simulacrum (IceCv)
  5 wargs
  A harpy simulacrum (IceCv)
  An acid dragon (D:11)
  A hydra simulacrum (IceCv)
  8 water moccasins
  Duvessa (D:6)
  4 black bears
  2 ice beasts
  A sky beast (D:8)
  9 orc warriors
  8 ogres
  4 centaurs
  29 wolves
  A boggart (Lair:5)
  3 kobold brigands (D:10)
  12 bullfrogs
  2 necrophages
  2 scorpions
  5 two-headed ogre simulacra (IceCv)
  5 cane toad simulacra (IceCv)
  Dowan (D:6)
  10 wights
  3 killer bees (D:9)
  8 howler monkeys
  An elephant simulacrum (IceCv)
  6 electric eels
  A lava snake (Lair:2)
  2 jellies
  Crazy Yiuf (D:2)
  3 gnoll boudas
  9 orc priests
  8 hounds
  19 orc wizards
  Natasha (thrice) (D:3)
  5 spriggan simulacra (IceCv)
  5 troll simulacra (IceCv)
  A wolf simulacrum (IceCv)
  23 gnolls
  11 adders
  8 naga simulacra (IceCv)
  A shadow imp (D:3)
  6 white imps (IceCv)
  12 ufetubi
  2 dart slugs
  69 orcs
  5 endoplasms
  5 giant cockroaches
  10 goblins
  9 hobgoblins
  8 jackals
  7 quokkas
  9 ball pythons
  3 bats
  3 frilled lizards
  21 kobolds
  3 rats
606 creatures vanquished.

Vanquished Creatures (collateral kills)
  An elephant (Lair:5)
  A cane toad (Lair:5)
  2 hornets (Lair:5)
  A dream sheep (Lair:5)
  5 spriggans (Lair:5)
  4 yaks (Lair:5)
  A water moccasin (Lair:5)
  2 black bears (Lair:5)
  3 wolves (Lair:5)
  2 boggarts (Lair:5)
22 creatures vanquished.

Vanquished Creatures (others)
  An orc wizard (Orc:2)
  18 fungi
  33 plants
  2 withered plants (D:7)
54 creatures vanquished.

Grand Total: 682 creatures vanquished

Notes
Turn   | Place    | Note
-------+----------+-------------------------------------------
     0 | D:1      | Ge0ff the Draconian Reaver began the quest for the Orb.
     0 | D:1      | Reached XP level 1. HP: 17/17 MP: 3/3
   213 | D:1      | Reached XP level 2. HP: 23/24 MP: 5/5
  1008 | D:2      | Reached XP level 3. HP: 29/29 MP: 6/6
  1839 | D:2      | Found a faded altar of an unknown god.
  1882 | D:2      | Found a runed translucent door.
  1883 | D:2      | Noticed Crazy Yiuf
  1951 | D:2      | Found a runed translucent door.
  2020 | D:2      | Reached XP level 4. HP: 20/37 MP: 7/7
  2932 | D:3      | Found an opulent altar of Gozag.
  3097 | D:3      | Reached skill level 1 in Transmutations
  3167 | D:3      | Noticed Natasha
  3195 | D:3      | Killed Natasha
  3196 | D:3      | Reached XP level 5. HP: 21/44 MP: 8/8
  3343 | D:3      | Found a shimmering blue altar of Sif Muna.
  3662 | D:3      | Found a snail-covered altar of Cheibriados.
  3807 | D:3      | Found a shadowy altar of Dithmenos.
  3809 | D:3      | Found an ancient bone altar of Kikubaaqudgha.
  3899 | D:3      | Reached skill level 5 in Long Blades
  3913 | D:3      | Noticed Natasha
  3946 | D:3      | Killed Natasha
  4250 | D:3      | Found a shimmering blue altar of Sif Muna.
  4284 | D:3      | Found an opulent altar of Gozag.
  4309 | D:3      | Noticed Natasha
  4324 | D:3      | Killed Natasha
  4334 | D:3      | Found a snail-covered altar of Cheibriados.
  4567 | D:3      | Found a shadowy altar of Dithmenos.
  4569 | D:3      | Found an ancient bone altar of Kikubaaqudgha.
  4985 | D:3      | Learned a level 5 spell: Irradiate
  5139 | D:4      | Found a basalt altar of Yredelemnul.
  5363 | D:4      | Reached XP level 6. HP: 47/51 MP: 10/10
  5892 | D:4      | Found a broken altar of Ashenzari.
  5911 | D:4      | Became a worshipper of Ashenzari the Shackled
  6084 | D:4      | Noticed Menkaure
  6085 | D:4      | Reached skill level 4 in Conjurations
  6089 | D:4      | Killed Menkaure
  6090 | D:4      | Your scales start taking on an icy white colour.
  6090 | D:4      | Reached XP level 7. HP: 19/57 MP: 11/11
  6090 | D:4      | Gained mutation: Your flesh is cold resistant. (rC+) [White
                  | Draconian growth]
  6226 | D:4      | Found Xixisk's Fire Supplies.
  6232 | D:4      | Bought a scroll of immolation for 52 gold pieces
  6666 | D:4      | Found Xixisk's Fire Supplies.
  6728 | D:4      | Found a broken altar of Ashenzari.
  6956 | D:4      | Found a basalt altar of Yredelemnul.
  7200 | D:5      | Entered Level 5 of the Dungeon
  7532 | D:5      | Reached skill level 5 in Conjurations
  7676 | D:5      | Reached XP level 8. HP: 52/63 MP: 12/14
  7792 | D:5      | Found a stormy altar of Qazlal.
  8285 | D:6      | Found a staircase to the Ecumenical Temple.
  8685 | D:6      | Reached skill level 5 in Transmutations
  8719 | D:6      | Reached skill level 6 in Conjurations
  8793 | D:6      | Noticed Dowan
  8805 | D:6      | Noticed Maggie
  8809 | D:6      | Noticed a two-headed ogre
  8810 | D:6      | Noticed Duvessa
  8950 | D:6      | Killed Dowan
  8975 | D:6      | Killed Duvessa
  9037 | D:6      | Reached skill level 1 in Evocations
  9123 | D:6      | Reached * piety under Ashenzari
  9220 | D:6      | Killed a two-headed ogre
  9221 | D:6      | Reached skill level 7 in Conjurations
  9221 | D:6      | Reached XP level 9. HP: 71/71 MP: 11/17
  9390 | D:6      | Found Xevaol's Antique Armour Shop.
  9427 | D:6      | Found an iron altar of Okawaru.
  9600 | D:6      | Found a glowing silver altar of Zin.
  9951 | D:2      | Killed Crazy Yiuf
 10133 | D:6      | Maggie changed into Maggie the black bear
 10133 | D:6      | Noticed Maggie
 10140 | D:6      | Killed Maggie the black bear
 10277 | D:6      | Found a glowing silver altar of Zin.
 10419 | D:6      | Found an iron altar of Okawaru.
 10445 | D:6      | Found Xevaol's Antique Armour Shop.
 10922 | D:7      | Reached skill level 5 in Spellcasting
 11078 | D:7      | Reached ** piety under Ashenzari
 11344 | D:7      | Reached skill level 8 in Conjurations
 11504 | D:7      | Found a runed translucent door.
 11504 | D:7      | Noticed Mesmaeker13's ghost (novice OpIE)
 11671 | D:7      | Reached *** piety under Ashenzari
 11856 | D:7      | Killed Mesmaeker13's ghost
 11857 | D:7      | Reached XP level 10. HP: 78/81 MP: 14/21
 12046 | D:8      | Reached skill level 1 in Throwing
 12170 | D:8      | Found a white marble altar of Elyvilon.
 12184 | D:8      | Found a sparkling altar of Nemelex Xobeh.
 12329 | D:8      | Found a staircase to the Lair.
 12700 | D:8      | Noticed a two-headed ogre
 12703 | D:8      | Noticed a boulder beetle
 12716 | D:8      | Killed a two-headed ogre
 12717 | D:8      | Reached skill level 9 in Conjurations
 12722 | D:8      | Killed a boulder beetle
 12981 | D:9      | Noticed an orange demon
 12982 | D:9      | Noticed Amaemon
 13008 | D:8      | Killed an orange demon
 13097 | D:9      | Killed Amaemon
 13098 | D:9      | Reached XP level 11. HP: 65/91 MP: 8/23
 13326 | D:9      | Learned a level 6 spell: Simulacrum
 13655 | D:9      | Reached skill level 1 in Ice Magic
 13999 | D:10     | Entered Level 10 of the Dungeon
 14022 | D:10     | Reached **** piety under Ashenzari
 14050 | D:10     | Noticed a two-headed ogre
 14058 | D:10     | Killed a two-headed ogre
 14059 | D:10     | Reached skill level 1 in Necromancy
 14111 | D:10     | Found Oteuryx's Specific Store.
 14113 | D:10     | Found Biufeq's General Store.
 14117 | D:10     | Bought a potion of brilliance for 48 gold pieces
 14136 | D:10     | Identified the +8 short sword "Eze Tyih" {speed, rC+}
 14156 | D:10     | Found a bloodstained altar of Trog.
 14224 | D:10     | Noticed a five-headed hydra
 14233 | D:10     | Killed a six-headed hydra
 14493 | D:10     | Found a staircase to the Orcish Mines.
 14509 | D:10     | Reached skill level 5 in Evocations
 15159 | D:11     | Noticed a centaur warrior
 15167 | D:11     | Killed a centaur warrior
 15463 | D:11     | Learned a level 2 spell: Blink
 15965 | D:11     | Noticed a boulder beetle
 16018 | D:11     | Killed a boulder beetle
 16019 | D:11     | Reached XP level 12. HP: 80/100 MP: 6/24
 16274 | Lair:1   | Entered Level 1 of the Lair of Beasts
 16302 | Lair:1   | Reached skill level 1 in Translocations
 16436 | Lair:1   | Reached skill level 10 in Conjurations
 16609 | Lair:1   | Reached skill level 5 in Ice Magic
 17038 | Lair:1   | Identified the +7 long sword "Ybluyrup" {elec, Str+2 Dex+7}
 17248 | Lair:2   | Identified the +2 chain mail of Zin, Dripping {rN+ Will-
                  | Regen+ Int+6}
 17554 | Lair:2   | Reached skill level 5 in Fighting
 17554 | Lair:2   | Reached skill level 5 in Necromancy
 17859 | Lair:2   | Noticed a five-headed hydra
 17865 | Lair:2   | Killed a five-headed hydra
 17866 | Lair:2   | Reached skill level 10 in Transmutations
 18231 | Lair:3   | Reached skill level 5 in Dodging
 18251 | Lair:3   | Found a frozen archway.
 18265 | IceCv    | Entered an ice cave
 18805 | IceCv    | Noticed a reaper
 18832 | IceCv    | Killed a reaper
 18833 | IceCv    | Reached XP level 13. HP: 111/111 MP: 20/27
 18919 | IceCv    | Found the +3 pair of gauntlets of War {Slay+5}
 18921 | IceCv    | Identified a scroll of acquirement
 18923 | IceCv    | hello there
 18934 | IceCv    | Acquired 768 gold pieces
 19142 | IceCv    | Acquired the ring "Quucheamo" {*Corrode rN+ Will+ Dex+2
                  | Slay+2}
 19664 | Lair:3   | Identified the +10 war axe "Epaism" {flame, rN++}
 19668 | Lair:3   | Found a staircase to the Shoals.
 19892 | Lair:3   | Found a hole to the Spider Nest.
 19965 | Lair:3   | Noticed Gastronok
 19976 | Lair:3   | Killed Gastronok
 20329 | Lair:3   | Reached skill level 10 in Long Blades
 20647 | Lair:3   | Acquired 864 gold pieces
 21571 | Lair:4   | Found a transporter.
 21579 | Lair:4   | Identified the ring of Godwos {rPois Str+3 SInv}
 21580 | Lair:4   | Found a bloodstained altar of Trog.
 21582 | Lair:4   | Noticed gruber's ghost (journeyman GnIE)
 21584 | Lair:4   | 1d94 arcjolt, nice
 21713 | Lair:4   | Found a transporter.
 21750 | Lair:4   | Reached skill level 11 in Conjurations
 22689 | Lair:4   | Killed gruber's ghost
 22690 | Lair:4   | Reached XP level 14. HP: 85/118 MP: 7/28
 23047 | Lair:5   | Entered Level 5 of the Lair of Beasts
 23183 | Lair:5   | Reached skill level 1 in Shields
 23191 | Lair:5   | Reached ***** piety under Ashenzari
 23885 | Lair:5   | Found a staircase to the Slime Pits.
 23886 | Lair:5   | Found a viscous altar of Jiyva.
 23974 | Lair:5   | Reached skill level 10 in Ice Magic
 25217 | D:4      | Bought a scroll of immolation for 52 gold pieces
 25307 | Orc:1    | Entered Level 1 of the Orcish Mines
 25310 | Orc:1    | Reached ****** piety under Ashenzari
 25754 | Orc:2    | Entered Level 2 of the Orcish Mines
 25754 | Orc:2    | Noticed Saint Roka
 25874 | Orc:2    | Noticed Rupert
 25883 | Orc:2    | Noticed Donald
 25884 | Orc:2    | Killed Rupert
 25884 | Orc:2    | Noticed Nessos
 25889 | Orc:2    | Reached skill level 12 in Conjurations
 25894 | Orc:2    | Killed Nessos
 25908 | Orc:2    | Killed Donald
 25921 | Orc:2    | Identified the cursed +0 cloak of the Distant Lethargy
                  | {Alch, Self} (You took it off Crazy Yiuf on level 2 of the
                  | Dungeon)
 25921 | Orc:2    | Identified the cursed +2 hat of the Cursed Sun {Range,
                  | Bglg} (You took it off Gastronok on level 3 of the Lair of
                  | Beasts)
 25921 | Orc:2    | Identified the cursed +2 pair of boots "Clairvoyant
                  | Negation" {Alch, Elem} (You found it on level 7 of the
                  | Dungeon)
 25925 | Orc:2    | Killed from afar by an orc sorcerer

Illustrated notes

* .## ##.####. #.##
##.##.. ##..##
##.##.# #....#
#.##..# #....##
##.##.## ###.....#
#.###..# #.......##
##..###.. #$.......#
#.### #..
#$.@.##..###.#.###..
#$$.####..##....###.
#$$$$ ##....#≈##≈#.
#[$$$# ##.##≈≈#≈≈##
#))?## ###≈≈≈≈≈≈##
#)|!#** * ##≈≈≈≈≈≈#.
##[## *~* #≈≈≈≈≈≈≈#.
## ~~~*#≈≈≈≈≈≈~~# ~~
~ #≈≈≈≈≈≈~~#


Turn 18923 on IceCv: hello there **.. * ....##* * , *,..#*.##..#≈** ,, , *
.#..*§?=$# ,*., , ,.#.###$_.i, #. ,, ,#....i,. * .# , *#...W#§ .#*, , * ,
#.[.ii#*y. ,, ** * , #..yi#i# * * , * #.@i# *,, , *, * , #####,, , * ,...©... *
#.......# *, ##....### * ###### * ,, *, Turn 21584 on Lair:4: 1d94 arcjolt, nice

Levels and vault maps discovered:
D:1:      mrwooster_arrival_statue, layout_basic
D:2:      layout_loops_ring, ebering_ecumenical_altar_mist,
          uniq_crazy_yiuf_cottage
D:3:      layout_basic, grunt_gozag_statues,
          mainiacjoe_overflow_concentric_impassable, overflow_temple_1_default,
          nicolae_overflow_hidden_temple, uniq_natasha
D:4:      layout_basic, lemuel_round_altar, nicolae_ashenzari_panopticon,
          st_stairs_8, nicolae_shop_fire_sale [nicolae_sub_dead_trees],
          minmay_vboxes, uniq_menkaure
D:5:      layout_basic, mainiacjoe_overflow_small_starburst
D:6:      layout_layer_cave, zin_academy, mainiacjoe_overflow_six_doors_small,
          minmay_temple_entry_glassed_door, nicolae_take_the_stairs,
          nicolae_water_bricks, serial_bayou_lagoon_b, uniq_maggie, uniq_duvessa
D:7:      layout_basic, gammafunk_ghost_grave
D:8:      layout_rooms, minitemple, erik_lair_orcish_takeover,
          kennysheep_just_a_vault
D:9:      statuecave_lemuel, layout_basic, uniq_amaemon
D:10:     layout_basic, general_overflow_altar, david_orc_3, corner_web_ring,
          nicolae_specific_store
D:11:     layout_stronghold
Lair:1:   layout_cave_shapes, serial_bayou_shore_b, grunt_megastairs_2,
          serial_bayou_shore_b, lemuel_fruit_fields
Lair:2:   layout_gridlike
Lair:3:   layout_regular_city, minmay_shoals_entry_beasts,
          nicolae_spider_entry_tight_spaces, portal_ice_cave_entry_pillars_1,
          serial_bayou_shore_a, uniq_gastronok
Lair:4:   layout_hall_layers, gammafunk_ghost_wrathful_warriors,
          grunt_megastairs_5, lemuel_fruit_fields, lemuel_fruit_fields
Lair:5:   minmay_lair_end_enchanted_forest, layout_regular_city, slime_entry_1,
          grunt_megastairs_1
Orc:1:    layout_caves
Orc:2:    st_orc_congregation, layout_caves, uniq_saint_roka, uniq_donald,
          uniq_rupert, uniq_nessos, uniq_snorg, uniq_maurice

Skill      XL: |  1  2  3  4  5  6  7  8  9 10 11 12 13 14 |
---------------+-------------------------------------------+-----
Long Blades    | 4 5 6 7 8 9 10 11 | 11.5
Transmutations | 1 2 3 4 6 7 8 9 10 | 10.3
Fighting       | 3 4 5 6 |  6.0
Conjurations   | 4 5 7 8 9 10 11 12 | 12.1
Spellcasting   | 3 4 5 6 7 |  7.5
Evocations     | 2 3 4 5 |  5.0
Dodging        | 2 3 4 5 |  5.0
Throwing       | 2 3 4 |  4.9
Ice Magic      | 4 6 9 11 | 11.1
Necromancy     | 3 5 8 9 |  9.7
Translocations | 2 3 |  3.0
Shields        | 2 |  2.3

Action                   |  1- 3 |  4- 6 |  7- 9 | 10-12 | 13-15 || total
-------------------------+-------+-------+-------+-------+-------++-------
Melee: Falchion          |   151 |   262 |   233 |       |       ||   646
       Tailslap          |     9 |    23 |    35 |    35 |    57 ||   159
       Punch             |     1 |       |     2 |     2 |     4 ||     9
       Unarmed           |       |    28 |       |       |       ||    28
       Scimitar          |       |       |     7 |   164 |       ||   171
       Long sword        |       |       |       |    80 |   280 ||   360
Throw: Stone             |    14 |     3 |       |    14 |    28 ||    59
       Dart              |       |       |     9 |       |       ||     9
       Boomerang         |       |       |     2 |    26 |    13 ||    41
 Cast: Irradiate         |       |       |    15 |   101 |    99 ||   215
       Simulacrum        |       |       |       |       |    23 ||    23
Invok: Curse Item        |       |       |     4 |     3 |     4 ||    11
       Shatter the Chain |       |       |       |     1 |     2 ||     3
 Abil: Breathe Frost     |       |       |    21 |    15 |     7 ||    43
Evoke: Wand              |       |     3 |    18 |     7 |    17 ||    45
       Phial of floods   |       |       |       |       |     1 ||     1
  Use: Scroll            |     3 |     4 |     4 |     6 |    13 ||    30
       Potion            |       |     2 |     1 |     1 |    12 ||    16
 Stab: Paralysed         |       |       |    24 |       |       ||    24
       Sleeping          |       |       |     2 |       |       ||     2
       Distracted        |       |       |       |     1 |     1 ||     2
Armor: Skin              |    44 |    96 |    68 |   146 |   135 ||   489
Dodge: Dodged            |   101 |   149 |   119 |   199 |   211 ||   779
Block: Other             |       |    45 |    49 |    90 |    48 ||   232
       Reflection        |       |     1 |     1 |     6 |     6 ||    14
       Buckler           |       |       |       |       |    88 ||    88

Table legend: (Time is in decaauts)
 A = Elapsed time spent in this place.
 B = Non-inter-level travel time spent in this place.
 C = Inter-level travel time spent in this place.
 D = Time resting spent in this place.
 E = Time spent auto-exploring this place.
 F = Levels seen in this place.
 G = Mean time per level.
                   A        B        C        D        E       F      G
               +--------+--------+--------+--------+--------+-----+--------+
         Total |  25934 |  24365 |   1569 |    193 |  19419 |  19 | 1364.9 |
       Dungeon |  16594 |  15418 |   1176 |    102 |  12367 |  11 | 1508.5 |
          Lair |   7366 |   7010 |    356 |     28 |   5601 |   5 | 1473.2 |
  Orcish Mines |    606 |    570 |     36 |      0 |    449 |   2 |  303.0 |
      Ice Cave |   1366 |   1366 |      0 |     63 |   1001 |   1 | 1366.0 |
               +--------+--------+--------+--------+--------+-----+--------+

Top non-repeatable levels by time:
     D:3: 2314 daAuts
     D:6: 2267 daAuts
     D:4: 2213 daAuts
     D:2: 2198 daAuts
  Lair:4: 2102 daAuts
  Lair:5: 2027 daAuts
  Lair:3: 1438 daAuts
   IceCv: 1366 daAuts
    D:11: 1192 daAuts
     D:9: 1164 daAuts
     D:5: 1156 daAuts
     D:7: 1107 daAuts
    D:10: 1074 daAuts
     D:8: 1037 daAuts
  Lair:2: 925 daAuts
